 Dungeon Sprint DCSS version 0.20.0-15-g7f486f2 (webtiles) character file.

274346 Snowbourne the Ninja (level 12, 48/58 HPs)
             Began as a Spriggan Enchanter on June 28, 2017.
             Was the Champion of Dithmenos.
             Escaped with the Orb!
             The game lasted 00:17:39 (3445 turns).

Snowbourne the Ninja (Spriggan Enchanter)           Turns: 3445, Time: 00:17:40

Health: 48/58      AC:  2    Str:  4    XL:     12   Next: 44%
Magic:  3/5        EV: 36    Int: 19    God:    Dithmenos [******]
Gold:   720        SH:  0    Dex: 31    Spells: 2/16 levels left

rFire    + . .     SeeInvis +   p - +5 short sword "Ynith" {antimagic, Str+2 Dex+4}
rCold    . . .     Gourm    .   (shield restricted)
rNeg     . . .     Faith    .   b - +0 robe
rPois    .         Spirit   .   (helmet restricted)
rElec    .         Reflect  .   (no cloak)
rCorr    .         Harm     .   (gloves unavailable)
MR       +++..     NoTele   +   (boots unavailable)
Stlth    ++++++++..             (no amulet)
Regen    0.2/turn               r - ring of Reon {rF+ MR+ Str+3 Dex+6 SInv}
MPRegen  0.1/turn               n - ring of Secrets {+Fly Str-5 Int+2 Stlth+}

@: wreathed by umbra, very quick
A: unfitting armour, see invisible, herbivore 3, speed 3, slow metabolism 2
0: Orb of Zot
a: Shadow Step, Shadow Form, Renounce Religion, Evoke Flight


You escaped.
You worshipped Dithmenos.
Dithmenos was exalted by your worship.
You were not hungry.

You visited 1 branch You collected 1573 gold pieces.
You spent 831 gold pieces at shops.
You donated 22 gold pieces to Zin.

Inventory:

Hand Weapons
 a - a +1 dagger
 p - the +5 short sword "Ynith" (weapon) {antimagic, Str+2 Dex+4}
   (You found it in the Dungeon)

   It reduces the magical energy of the wielder, and disrupts the spells and
   magical abilities of those hit.
   Natural abilities and divine invocations are not affected.
   It affects your strength (+2).
   It affects your dexterity (+4).
Armour
 b - a +0 robe (worn)
Jewellery
 n - the ring of Secrets (right hand) {+Fly Str-5 Int+2 Stlth+}
   (You bought it in a shop in the Dungeon)

   [ring of flight]

   It affects your strength (-5).
   It affects your intelligence (+2).
   It lets you fly.
   It makes you more stealthy.
 r - the ring of Reon (left hand) {rF+ MR+ Str+3 Dex+6 SInv}
   (You bought it in a shop in the Dungeon)

   [ring of protection from magic]

   It affects your strength (+3).
   It affects your dexterity (+6).
   It protects you from fire.
   It affects your resistance to hostile enchantments.
   It lets you see invisible.
Wands
 m - a wand of iceblast (0/15)
Scrolls
 h - 4 scrolls of identify {unknown}
 i - 2 scrolls of remove curse {unknown}
 k - a scroll of magic mapping {unknown}
 l - a scroll of random uselessness {unknown}
 s - a scroll of enchant weapon {unknown}
Potions
 e - 3 potions of curing
 f - a potion of ambrosia {unknown}
 g - a potion of haste
Books
 c - a book of Maledictions

   Spells                             Type                      Level
   a - Corona                         Hexes                        1
   b - Ensorcelled Hibernation        Hexes/Ice                    2
   c - Confuse                        Hexes                        3
   d - Tukima's Dance                 Hexes                        3
   e - Dazzling Spray                 Conjuration/Hexes            3
 t - a book of Minor Magic

   Spells                             Type                      Level
   a - Magic Dart                     Conjuration                  1
   b - Blink                          Translocation                2
   c - Call Imp                       Summoning                    2
   d - Slow                           Hexes                        2
   e - Conjure Flame                  Conjuration/Fire             3
   f - Mephitic Cloud                 Conjuration/Poison/Air       3
Miscellaneous
 d - a lightning rod (2/4)
 q - a box of beasts
Comestibles
 o - 2 royal jellies


   Skills:
 - Level 4.6 Fighting
 + Level 11.4 Short Blades
 + Level 14.5 Dodging
 O Level 27 Stealth
 - Level 2.6 Spellcasting
 * Level 22.2 Hexes


You had 2 spell levels left.
You knew the following spells:

 Your Spells              Type           Power        Failure   Level  Hunger
a - Corona                Hex            ######.      0%          1    None
b - Ensorcelled Hibernat  Hex/Ice        #####.       1%          2    ##.....
c - Confuse               Hex            ######..     0%          3    ###....
d - Dazzling Spray        Conj/Hex       #####.       1%          3    ###....
e - Tukima's Dance        Hex            ######..     0%          3    ###....
f - Blink                 Tloc           N/A          24%         2    ##.....


Dungeon Overview and Level Annotations

Branches:
Dungeon (1/1)

Altars:
Cheibriados
Dithmenos
Elyvilon
Fedhas
Gozag
Hepliaklqana
Kikubaaqudgha
Makhleb
Nemelex Xobeh
Okawaru
Qazlal
Ru
Sif Muna
Trog
Uskayaw
Vehumet
Xom
Yredelemnul
Zin
The Shining One
Jiyva
Lugonu

Shops:
D =*(%(=!(**}%*?:*}==[%

Annotations:
D Tiamat


Innate Abilities, Weirdness & Mutations

You are very small and have problems with some larger weapons.
You are too small for most types of armour.
You have supernaturally acute eyesight. (SInv)
You are a herbivore.
You cover ground extremely quickly.
You need consume almost no food.


Message History

Confirm with . or Enter, or press ? or * to list all spells.
Aiming: Confuse
Press: ? - help, Shift-Dir - straight line, f - Orb Guardian
Aim: an Orb Guardian (hasn't noticed you, umbra, chance to defeat MR: 7%)
Okay, then.
Unknown command.
Unknown command.
Casting: Confuse
Confirm with . or Enter, or press ? or * to list all spells.
You blink.
The Orb Guardian hits you! The Orb Guardian completely misses you.
There is an open door here.
Things that are here:
a club; a leather armour
There is an open door here.
You close the door.
An Orb Guardian opens the door.
Unknown command.
There is a staircase leading out of the dungeon here.
You can't go down here!
The Orb Guardian misses you.
You have escaped!

##################
#@X#.)'..#.§+..#__
#..'..#.)'..#..+..
#..#####'#####'#__
#..####..# #.###
#..#__#### ##.#§§
#..#_____##+#..§§§
#⌠⌠#_.∩...'..._#≈§
####_..__##_.#'##§
#_____###'#.#(.


You could see an Orb Guardian.

Vanquished Creatures
  3 fire giants (D)
  A hydra (D)
  2 centaur warriors (D)
  Sonja (D)
  7 unseen horrors (D)
  A deep troll (D)
  A lindwurm (D)
  An oklob plant (D)
  8 shining eyes (D)
  2 kobold demonologists (D)
  4 demonic crawlers (D)
  A hornet (D)
  A slime creature (D)
  Sigmund (D)
  2 redbacks (D)
  13 hogs (D)
  A yak (D)
  7 floating eyes (D)
  7 necrophages (D)
  An ogre (D)
  8 jellies (D)
  Ijyb (D)
  A ballistomycete (D)
  A ballistomycete spore (D)
76 creatures vanquished.

Vanquished Creatures (others)
  A merfolk siren (D)
  A gargoyle (D)
  A hellwing (D)
  A ballistomycete spore (D)
4 creatures vanquished.

Grand Total: 80 creatures vanquished

Notes
Turn   | Place    | Note
-------+----------+-------------------------------------------
     0 | D        | Snowbourne the Spriggan Enchanter began the quest for the Orb.
     0 | D        | Reached XP level 1. HP: 9/9 MP: 5/5
     2 | D        | Noticed Ijyb
    17 | D        | Killed Ijyb
    17 | D        | Reached skill level 8 in Stealth
    17 | D        | Reached skill level 5 in Hexes
    17 | D        | Reached XP level 2. HP: 13/13 MP: 6/6
   172 | D        | Killed a gargoyle
   191 | D        | Learned a level 2 spell: Ensorcelled Hibernation
   193 | D        | Noticed an ogre
   195 | D        | Killed an ogre
   195 | D        | Reached skill level 12 in Stealth
   195 | D        | Reached XP level 3. HP: 16/16 MP: 8/8
   195 | D        | Reached XP level 4. HP: 21/21 MP: 9/9
   207 | D        | Noticed Sigmund
   209 | D        | Killed Sigmund
   209 | D        | Reached skill level 15 in Stealth
   209 | D        | Reached XP level 5. HP: 24/24 MP: 10/10
   221 | D        | Found a deep blue altar of Sif Muna.
   223 | D        | Found a radiant altar of Vehumet.
   227 | D        | Reached XP level 6. HP: 28/28 MP: 11/11
   244 | D        | Found Mipab's Food Emporium.
   244 | D        | Found an ancient bone altar of Kikubaaqudgha.
   244 | D        | Found a hazy altar of Hepliaklqana.
   244 | D        | Found a stormy altar of Qazlal.
   244 | D        | Found a hide-covered altar of Uskayaw.
   244 | D        | Found a blossoming altar of Fedhas.
   244 | D        | Found a bloodstained altar of Trog.
   244 | D        | Found an iron altar of Okawaru.
   244 | D        | Found a basalt altar of Yredelemnul.
   244 | D        | Found a glowing golden altar of the Shining One.
   244 | D        | Found a snail-covered altar of Cheibriados.
   244 | D        | Found a sacrificial altar of Ru.
   244 | D        | Found a glowing silver altar of Zin.
   244 | D        | Found a shadowy altar of Dithmenos.
   244 | D        | Found a white marble altar of Elyvilon.
   244 | D        | Noticed a yak
   245 | D        | Found an opulent altar of Gozag.
   246 | D        | Killed a yak
   246 | D        | Reached skill level 17 in Stealth
   246 | D        | Reached skill level 10 in Hexes
   247 | D        | Found a sparkling altar of Nemelex Xobeh.
   253 | D        | Became a worshipper of Zin the Law-Giver
   253 | D        | Reached * piety under Zin
   253 | D        | Reached ** piety under Zin
   253 | D        | Reached *** piety under Zin
   253 | D        | Reached **** piety under Zin
   253 | D        | Reached ***** piety under Zin
   253 | D        | Reached ****** piety under Zin
   261 | D        | Noticed Sonja
   265 | D        | Killed Sonja
   265 | D        | Reached skill level 20 in Stealth
   265 | D        | Reached XP level 7. HP: 32/32 MP: 12/12
   270 | D        | Learned a level 3 spell: Confuse
   274 | D        | Learned a level 3 spell: Dazzling Spray
   326 | D        | Got a fine hand axe
   327 | D        | Identified the +8 hand axe "Keohuiqio" {speed, +Fly} (You found it in the Dungeon)
   346 | D        | Found Angicuci's Jewellery Boutique.
   529 | D        | Noticed a shining eye
   529 | D        | Noticed a shining eye
   529 | D        | Noticed a shining eye
   529 | D        | Noticed a shining eye
   529 | D        | Noticed a shining eye
   529 | D        | Noticed a shining eye
   532 | D        | Reached XP level 8. HP: 36/36 MP: 13/13
   533 | D        | Noticed a shining eye
   533 | D        | Noticed a shining eye
   535 | D        | Paralysed by a floating eye for 2 turns
   540 | D        | Killed a shining eye
   540 | D        | Reached skill level 21 in Stealth
   543 | D        | Killed a shining eye
   543 | D        | Reached skill level 22 in Stealth
   545 | D        | Reached XP level 9. HP: 39/39 MP: 12/14
   549 | D        | Paralysed by a floating eye for 3 turns
   555 | D        | Killed a shining eye
   555 | D        | Reached skill level 23 in Stealth
   560 | D        | Paralysed by a floating eye for 3 turns
   569 | D        | Killed a shining eye
   569 | D        | Reached skill level 24 in Stealth
   569 | D        | Reached skill level 15 in Hexes
   572 | D        | Killed a shining eye
   603 | D        | Killed a shining eye
   603 | D        | Reached skill level 25 in Stealth
   651 | D        | Killed a shining eye
   651 | D        | Reached XP level 10. HP: 44/44 MP: 15/15
   744 | D        | Killed a shining eye
   744 | D        | Reached skill level 26 in Stealth
   745 | D        | Found Goilus's Weapon Shop.
   745 | D        | Found Wiablaj's Weapon Emporium.
   745 | D        | Found Racweasy's Jewellery Boutique.
   746 | D        | Found Gilughoxt's Assorted Antiques.
   786 | D        | Fell from the grace of Zin
   786 | D        | Became a worshipper of Dithmenos the Shadowed
   799 | D        | Noticed a deep troll
   803 | D        | Killed a deep troll
   813 | D        | Found Texteal's Armour Emporium.
   840 | D        | Bought the ring of Secrets {+Fly Str-5 Int+2 Stlth+} for 210 gold pieces
   861 | D        | Found a burning altar of Makhleb.
   861 | D        | Found a viscous altar of Jiyva.
   861 | D        | Found a shimmering altar of Xom.
   861 | D        | Found a corrupted altar of Lugonu.
   882 | D        | Reached * piety under Dithmenos
   886 | D        | Reached skill level 27 in Stealth
   920 | D        | Noticed a centaur warrior
   920 | D        | Noticed a centaur warrior
   922 | D        | Killed a centaur warrior
   922 | D        | Reached ** piety under Dithmenos
   922 | D        | Reached skill level 1 in Fighting
   923 | D        | Killed a centaur warrior
   923 | D        | Reached skill level 5 in Dodging
   956 | D        | Learned a level 3 spell: Tukima's Dance
   956 | D        | Noticed an oklob plant
   958 | D        | Killed an oklob plant
   967 | D        | Reached *** piety under Dithmenos
   967 | D        | Reached XP level 11. HP: 52/52 MP: 13/16
   988 | D        | Noticed an unseen horror
   989 | D        | Noticed an unseen horror
   997 | D        | Killed an unseen horror
   997 | D        | Reached skill level 5 in Short Blades
  1001 | D        | Killed an unseen horror
  1013 | D        | Reached **** piety under Dithmenos
  1321 | D        | Reached ***** piety under Dithmenos
  1490 | D        | Found Qizesar's Antique Weapon Shoppe.
  1496 | D        | Found Duacretz's Jewellery Boutique.
  1497 | D        | Found Pupeuxte's Assorted Antiques.
  1497 | D        | Found Wyimiwn's Jewellery Emporium.
  1515 | D        | Got a slimy short sword
  1516 | D        | Identified the +5 short sword "Ynith" {antimagic, Str+2 Dex+4} (You found it in the Dungeon)
  1521 | D        | Found Fetuo's Distillery.
  1523 | D        | Found Tizxewn's General Store.
  1523 | D        | Found Kilo's Gadget Shop.
  1523 | D        | Found Wieluip's Food Shoppe.
  1523 | D        | Found Yreavipe's General Store.
  1523 | D        | Found Erisaat's Magic Scroll Emporium.
  1523 | D        | Found Homaofapn's Book Shop.
  1523 | D        | Found Ejideadgh's Assorted Antiques.
  1526 | D        | Found Laehione's Gadget Boutique.
  1528 | D        | Found Bomulot's Food Emporium.
  1581 | D        | Bought the ring of Reon {rF+ MR+ Str+3 Dex+6 SInv} for 621 gold pieces
  1635 | D        | Noticed a lindwurm
  1637 | D        | Killed a lindwurm
  1637 | D        | Reached ****** piety under Dithmenos
  1637 | D        | Reached skill level 10 in Dodging
  2190 | D        | Noticed a 12-headed hydra
  2192 | D        | Killed a 12-headed hydra
  2206 | D        | Noticed a daeva
  2209 | D        | Noticed an unseen horror
  2209 | D        | Noticed an unseen horror
  2209 | D        | Noticed an unseen horror
  2210 | D        | Noticed an unseen horror
  2212 | D        | Killed an unseen horror
  2213 | D        | Noticed an unseen horror
  2214 | D        | Killed an unseen horror
  2215 | D        | Killed an unseen horror
  2215 | D        | Reached XP level 12. HP: 58/58 MP: 5/17
  2217 | D        | Reached skill level 10 in Short Blades
  2285 | D        | Noticed a fire giant
  2286 | D        | Noticed a fire giant
  2286 | D        | Noticed a fire giant
  2286 | D        | Noticed a fire giant
  2448 | D        | Killed a fire giant
  2733 | D        | Killed a fire giant
  3142 | D        | Killed a fire giant
  3221 | D        | Noticed a lorocyproca
  3266 | D        | Learned a level 2 spell: Blink
  3286 | D        | Noticed Tiamat
  3373 | D        | Got the Orb of Zot
  3385 | D        | Noticed Wixka the pandemonium lord
  3432 | D        | Noticed an Orb Guardian
  3445 | D        | Escaped with the Orb!

Skill      XL: |  1  2  3  4  5  6  7  8  9 10 11 12 |
---------------+-------------------------------------+-----
Stealth        | 8 12 15 20 22 25 27 | 27.0
Hexes          | 5 7 9 12 13 15 17 20 22 | 22.2
Fighting       | 3 4 |  4.6
Short Blades   | 4 9 11 | 11.4
Dodging        | 6 12 14 | 14.5
Spellcasting   | |  2.6

Action                   |  1- 3 |  4- 6 |  7- 9 | 10-12 || total
-------------------------+-------+-------+-------+-------++-------
Melee: Dagger            |    14 |     4 |   111 |   139 ||   268
       Short sword       |       |       |       |    60 ||    60
 Cast: Ensorcelled Hiber |       |       |     2 |    36 ||    38
       Dazzling Spray    |       |       |     3 |       ||     3
       Confuse           |       |       |       |    20 ||    20
       Blink             |       |       |       |     6 ||     6
Invok: Recite            |       |       |     2 |       ||     2
       Shadow Step       |       |       |       |     4 ||     4
Evoke: Wand              |       |       |       |     3 ||     3
       Lightning rod     |       |       |       |     2 ||     2
  Use: Potion            |     1 |       |       |     3 ||     4
       Scroll            |       |       |       |     1 ||     1
 Stab: Sleeping          |     1 |     4 |     7 |    47 ||    59
       Confused          |       |       |       |     8 ||     8
  Eat: Bread ration      |       |       |       |     1 ||     1
Armor: Robe              |       |       |       |     2 ||     2
Dodge: Dodged            |    10 |       |       |    86 ||    96
